[Event "Titled Tuesday Blitz March 07 Early 2023"]
[White "Piesik, Piotr"]
[Black "Winkels, Marcel"]
[WhiteFideId "1136194"]
[BlackFideId "1003887"]
[WhiteElo "2311"]
[BlackElo "1900"]
[Result "1-0"]
[Round "09"]
[TimeControl "180+2"]
[Date "2023.03.07"]
[WhiteClock "0:02:08"]
[BlackClock "0:00:13"]

1. Nf3 f5 2. d3 Nf6 3. e4 d6 4. exf5 Bxf5 5. d4 d5 6. Bd3 Bxd3 7. Qxd3 Nc6 8. O-O Qd6 9. Nc3 a6 10. Re1 O-O-O 11. Ne5 Qe6 12. Bf4 Nh5 13. Nxc6 Nxf4 14. Rxe6 Nxd3 15. Nxd8 Kxd8 16. cxd3 c6 17. Na4 h5 18. Nc5 Kc7 19. Rae1 g5 20. Rxe7+ Bxe7 21. Rxe7+ Kd6 22. Rd7# 1-0


[Site "https://www.chess.com"]

[Event "Titled Tuesday Blitz March 07 Early 2023"]
[White "Grigoryan, Meri"]
[Black "Tanmay Jain"]
[WhiteFideId "13300571"]
[BlackFideId "45015481"]
[WhiteElo "1919"]
[BlackElo "2032"]
[Result "1-0"]
[Round "09"]
[TimeControl "180+2"]
[Date "2023.03.07"]
[WhiteClock "0:00:10"]
[BlackClock "0:00:15"]

1. d4 Nf6 2. c4 e6 3. Nc3 d5 4. Nf3 Be7 5. cxd5 exd5 6. Bf4 O-O 7. e3 c6 8. Bd3 Bg4 9. h3 Bh5 10. Rc1 Nbd7 11. g4 Bg6 12. Ne5 Nxe5 13. dxe5 Ne4 14. O-O Qb6 15. Na4 Qa5 16. Qc2 h5 17. f3 Ng5 18. Bxg5 Bxd3 19. Qxd3 Bxg5 20. Nc3 hxg4 21. hxg4 Qb6 22. f4 Be7 23. Rc2 Rad8 24. Rh2 g6 25. f5 Bg5 26. Rf3 Bxe3+ 27. Kh1 c5 28. fxg6 Qxg6 29. Qxe3 d4 30. Qf2 dxc3 31. Rxc3 Qb1+ 32. Kg2 Qe4+ 33. Rf3 Qg6 34. Qh4 Qg7 35. Rf5 Rd2+ 36. Kg3 Rd3+ 37. Kf4 Rd5 38. Rg5 Rd4+ 39. Kg3 Rd3+ 40. Kf2 Rd2+ 41. Ke3 Rxh2 42. Rxg7+ Kxg7 43. Qxh2 Re8 44. Qf4 Re6 45. Qf5 b6 46. g5 Rc6 47. Ke4 Re6 48. Kd5 Rg6 49. b3 Kg8 50. a3 Kg7 51. b4 cxb4 52. axb4 a5 53. bxa5 bxa5 54. Qf4 a4 55. Qxa4 Rxg5 56. Qd4 Rg6 57. e6+ Kg8 58. e7 Re6 59. Qg4+ Kh7 60. Qxe6 fxe6+ 61. Kxe6 Kg6 62. e8=Q+ 1-0


[Site "https://www.chess.com"]

[Event "Titled Tuesday Blitz March 07 Early 2023"]
[White "Vargas, Mauricio"]
[Black "Sanchez, Robert"]
[WhiteFideId "4404572"]
[BlackFideId "2034360"]
[WhiteElo "2025"]
[BlackElo "2282"]
[Result "1-0"]
[Round "09"]
[TimeControl "180+2"]
[Date "2023.03.07"]
[WhiteClock "0:01:31"]
[BlackClock "0:01:51"]

1. e4 e6 2. f4 d5 3. e5 c5 4. Nf3 Nc6 5. Bb5 Bd7 6. Bxc6 Bxc6 7. O-O Nh6 8. d3 Nf5 9. h3 h5 10. Qe1 Qb6 11. g3 O-O-O 12. a3 Be7 13. Kh2 Kb8 14. c3 d4 15. c4 Ne3 16. Bxe3 Qxb2+ 17. Nbd2 dxe3 18. Qxe3 Rd7 19. Rab1 Qxa3 20. Rb3 Qa4 21. Rfb1 Rhd8 22. Ne4 Qa5 23. Nfg5 Bxg5 24. Nxg5 Rxd3 25. Rxd3 Qa2+ 1-0


[Site "https://www.chess.com"]

[Event "Titled Tuesday Blitz March 07 Early 2023"]
[White "Erigaisi Arjun"]
[Black "Bluebaum, Matthias"]
[WhiteFideId "35009192"]
[BlackFideId "24651516"]
[WhiteElo "2737"]
[BlackElo "2638"]
[Result "1/2-1/2"]
[Round "10"]
[TimeControl "180+2"]
[Date "2023.03.07"]
[WhiteClock "0:01:18"]
[BlackClock "0:00:25"]

1. b3 d5 2. Bb2 c5 3. e3 a6 4. Nf3 Nc6 5. d4 cxd4 6. Nxd4 Nf6 7. Nd2 e6 8. c4 Bd6 9. Be2 e5 10. cxd5 exd4 11. dxc6 dxe3 12. fxe3 bxc6 13. O-O Be7 14. Nc4 Be6 15. Qxd8+ Rxd8 16. Rad1 O-O 17. Ne5 Bc5 18. Bd4 Bxd4 19. exd4 Rd6 20. Rc1 Rxd4 21. Nxc6 Rd2 22. Bxa6 Rxa2 23. Bc4 Bxc4 24. Rxc4 Rb2 25. b4 Re8 26. Rd1 h6 27. Rd8 Rxd8 28. Nxd8 Nd5 29. Rc8 Nxb4 30. Ne6+ Kh7 31. Nf8+ Kg8 32. Ne6+ Kh7 33. Nf8+ Kg8 34. Nd7+ Kh7 35. Nf8+ 1/2-1/2


[Site "https://www.chess.com"]

[Event "Titled Tuesday Blitz March 07 Early 2023"]
[White "Sjugirov, Sanan"]
[Black "Fedoseev, Vladimir"]
[WhiteFideId "4189302"]
[BlackFideId "24130737"]
[WhiteElo "2569"]
[BlackElo "2752"]
[Result "1/2-1/2"]
[Round "10"]
[TimeControl "180+2"]
[Date "2023.03.07"]
[WhiteClock "0:00:06"]
[BlackClock "0:00:09"]

1. e4 c5 2. Nf3 d6 3. Bb5+ Nd7 4. d4 cxd4 5. Qxd4 Nf6 6. O-O a6 7. Bxd7+ Bxd7 8. Bg5 e6 9. Nbd2 Rc8 10. Rfc1 h6 11. Bxf6 Qxf6 12. e5 dxe5 13. Nxe5 Qd8 14. Ne4 Bb5 15. Qe3 Qc7 16. Qg3 Bc6 17. Nxc6 Qxg3 18. hxg3 Rxc6 19. c3 f5 20. Nd2 Kf7 21. Nf3 Kf6 22. Rd1 Bd6 23. Rd2 Rhc8 24. Rad1 Bc5 25. Re2 Rd6 26. Rde1 b5 27. a3 g5 28. Kf1 Rcd8 29. Ne5 h5 30. b4 Ba7 31. c4 bxc4 32. Nxc4 Rc6 33. Na5 Rb6 34. Nc4 Rc6 35. Na5 Rb6 36. Nc4 Rc6 1/2-1/2


[Site "https://www.chess.com"]

[Event "Titled Tuesday Blitz March 07 Early 2023"]
[White "Oparin, Grigoriy"]
[Black "Nihal Sarin"]
[WhiteFideId "24125890"]
[BlackFideId "25092340"]
[WhiteElo "2641"]
[BlackElo "2689"]
[Result "0-1"]
[Round "10"]
[TimeControl "180+2"]
[Date "2023.03.07"]
[WhiteClock "0:00:16"]
[BlackClock "0:00:11"]

1. c4 g6 2. d4 Bg7 3. Nc3 d6 4. e4 Nf6 5. h3 O-O 6. Bg5 Nc6 7. Nf3 h6 8. Be3 e5 9. d5 Nd4 10. Nxd4 exd4 11. Qxd4 Re8 12. Qd3 Qe7 13. f3 c5 14. dxc6 bxc6 15. O-O-O d5 16. Bd4 dxe4 17. Nxe4 Nxe4 18. fxe4 Rd8 19. Qe3 Qd7 20. e5 c5 21. Qf3 Bb7 22. Bc3 Bxf3 23. Rxd7 Rxd7 24. gxf3 Re8 25. f4 g5 26. Bg2 Rd3 27. Bc6 Re7 28. fxg5 hxg5 29. h4 Bxe5 30. Bd2 Bf4 31. Bxf4 gxf4 32. Rf1 Rd4 33. Bd5 Kh7 34. Kc2 f5 35. b4 cxb4 36. Kb3 a5 37. Ka4 Re5 38. Kxa5 Rxc4 0-1


[Site "https://www.chess.com"]

[Event "Titled Tuesday Blitz March 07 Early 2023"]
[White "Bortnyk, Olexandr"]
[Black "Vokhidov, Shamsiddin"]
[WhiteFideId "14120828"]
[BlackFideId "14204223"]
[WhiteElo "2734"]
[BlackElo "2570"]
[Result "1/2-1/2"]
[Round "10"]
[TimeControl "180+2"]
[Date "2023.03.07"]
[WhiteClock "0:00:07"]
[BlackClock "0:00:08"]

1. e4 c5 2. c3 Nf6 3. e5 Nd5 4. d4 cxd4 5. Nf3 d6 6. Bb5+ Bd7 7. Bc4 e6 8. cxd4 Bc6 9. O-O Nd7 10. Re1 dxe5 11. dxe5 Be7 12. Nd4 Qc7 13. Nxc6 bxc6 14. Qe2 O-O 15. Nd2 N7b6 16. Bb3 c5 17. Nf3 c4 18. Bc2 Nb4 19. Be4 Rad8 20. Be3 Nd3 21. Red1 Nxe5 22. Nxe5 Rxd1+ 23. Rxd1 Qxe5 24. Bxb6 f5 25. Bxa7 Qxe4 26. Qxe4 fxe4 27. Re1 Bf6 28. Rxe4 Ra8 29. Be3 Rxa2 30. Kf1 Ra4 31. Rxe6 Bxb2 32. Rc6 Bf6 33. Ke2 Ra2+ 34. Kf3 c3 35. g4 Ra5 36. Ke4 Ra4+ 37. Kf5 Ra5+ 38. Ke4 Ra4+ 39. Kf3 h6 40. h4 Bxh4 41. Rxc3 Bf6 42. Rc6 Kf7 43. Rd6 Rb4 44. Rd7+ Ke6 45. Ra7 Rc4 46. Ra6+ Kf7 47. Ra5 Rc3 48. Ke4 Rc4+ 49. Kf3 Rc3 50. Kg2 Rc2 51. Rd5 Ke6 52. Rd3 Be5 53. Kf3 Bf6 54. Rb3 Be5 55. Rb4 Bf6 56. Ke4 Rb2 57. Ra4 Kf7 58. f4 Rb5 59. Ra7+ Kg6 60. Ra6 Kf7 61. Rc6 Ra5 62. Bc5 Ra4+ 63. Kf3 Rc4 64. Rc7+ Ke6 65. Bb6 Rxc7 66. Bxc7 g6 67. Bb6 h5 68. Be3 hxg4+ 69. Kxg4 Be7 70. Bd2 Bf6 1/2-1/2


[Site "https://www.chess.com"]

[Event "Titled Tuesday Blitz March 07 Early 2023"]
[White "Nakamura, Hikaru"]
[Black "Kamsky, Gata"]
[WhiteFideId "2016192"]
[BlackFideId "2000024"]
[WhiteElo "2879"]
[BlackElo "2666"]
[Result "1-0"]
[Round "10"]
[TimeControl "180+2"]
[Date "2023.03.07"]
[WhiteClock "0:00:53"]
[BlackClock "0:00:16"]

1. Nf3 Nf6 2. g3 g6 3. b3 Bg7 4. Bb2 O-O 5. Bg2 d6 6. d4 Bf5 7. Nbd2 Qc8 8. h3 Re8 9. Nh4 Bd7 10. e4 e5 11. d5 a5 12. a3 Na6 13. Qe2 Nc5 14. O-O-O b5 15. Kb1 c6 16. dxc6 Qxc6 17. Rhe1 Rac8 18. Nf1 Be6 19. f4 a4 20. f5 Bd7 21. b4 Ncxe4 22. Bxe4 d5 23. Bg2 e4 24. fxg6 hxg6 25. Ne3 Be6 26. Bf1 Rb8 27. Nhg2 Nd7 28. Bxg7 Kxg7 29. Nf4 Ne5 30. Nexd5 Bxd5 31. Rxd5 Nc4 32. Rc5 Qf6 33. Rxc4 bxc4 34. Qe3 Rbc8 35. Nd5 Qd6 36. Qc3+ f6 37. Ne3 Kh7 38. g4 Qg3 39. Kb2 Re5 40. Nxc4 e3 41. Rxe3 1-0


[Site "https://www.chess.com"]

[Event "Titled Tuesday Blitz March 07 Early 2023"]
[White "Demchenko, Anton"]
[Black "Naroditsky, Daniel"]
[WhiteFideId "4160258"]
[BlackFideId "2026961"]
[WhiteElo "2545"]
[BlackElo "2633"]
[Result "1-0"]
[Round "10"]
[TimeControl "180+2"]
[Date "2023.03.07"]
[WhiteClock "0:00:08"]
[BlackClock "0:00:03"]

1. e4 c5 2. Nc3 d6 3. f4 Nc6 4. Nf3 g6 5. Bb5 Bd7 6. d3 Bg7 7. O-O Nd4 8. Bxd7+ Qxd7 9. Be3 e6 10. Bxd4 cxd4 11. Ne2 e5 12. h3 Ne7 13. Qd2 O-O 14. Rf2 f5 15. fxe5 dxe5 16. Ng3 f4 17. Ne2 Rad8 18. Qb4 Nc6 19. Qb3+ Kh8 20. Rd1 Qe7 21. c3 g5 22. cxd4 exd4 23. Qb5 h6 24. Rc1 Qf7 25. a3 a6 26. Qc5 Rfe8 27. Rff1 Ne5 28. Nxe5 Bxe5 29. Qc4 Qh5 30. Rf3 g4 31. hxg4 Qxg4 32. Kf2 Qh4+ 33. Kg1 Rg8 34. Rcf1 Rg4 35. R1f2 Qf6 36. Kf1 Rdg8 37. Ng1 Qg7 38. Qc2 Qd7 39. Rh3 R8g6 40. Qd1 Kg7 41. Rh5 R4g5 42. Rh3 Qe6 43. Rh4 Rg3 44. Nf3 Bd6 45. Qc2 Qf6 46. Qe2 Bc7 47. Rh2 Qb6 48. Qc2 Qd6 49. e5 Qe7 50. Qe2 Bb6 51. Qe4 Qf7 52. Re2 Re6 53. Rh4 Qg6 54. Rxf4 Qh5 55. Rh4 Qg6 56. Qxg6+ Rexg6 57. Nxd4 Rxd3 58. Nf3 Rd1+ 59. Re1 Rd8 60. Rf4 Re8 61. Rfe4 Ree6 62. Nd4 Re7 63. e6 Bxd4 64. Rxd4 Rf6+ 65. Kg1 Rfxe6 66. Rxe6 Rxe6 67. Rd7+ Kg6 68. Rxb7 Kg5 69. Kh2 Re5 70. a4 a5 71. Rb5 Kf5 72. Kg3 Rxb5 73. axb5 Ke5 74. Kg4 Kd5 75. Kh5 Kc5 76. Kxh6 a4 77. g4 Kxb5 78. g5 Kb4 79. g6 a3 80. bxa3+ 1-0


[Site "https://www.chess.com"]

[Event "Titled Tuesday Blitz March 07 Early 2023"]
[White "Duda, Jan-Krzysztof"]
[Black "Terry, Renato"]
[WhiteFideId "1170546"]
[BlackFideId "3803457"]
[WhiteElo "2790"]
[BlackElo "2579"]
[Result "1-0"]
[Round "10"]
[TimeControl "180+2"]
[Date "2023.03.07"]
[WhiteClock "0:00:45"]
[BlackClock "0:00:01"]

1. c3 g6 2. Na3 Bg7 3. d4 d6 4. e4 e5 5. dxe5 Bxe5 6. Nf3 Bg7 7. Bd3 Nf6 8. O-O O-O 9. h3 Nc6 10. Re1 Re8 11. Bf4 a6 12. Bh2 Be6 13. Nc2 Nh5 14. Ncd4 Bd7 15. Qb3 Rb8 16. a4 Ne5 17. Bf1 Qf6 18. Rad1 Nxf3+ 19. Nxf3 Be6 20. Qb4 Nf4 21. Re3 Bh6 22. Qd4 Nh5 23. Ree1 Bb3 24. Ra1 Bf4 25. c4 Bxh2+ 26. Kxh2 Bc2 27. Qxf6 Nxf6 28. e5 dxe5 29. Nxe5 Rbd8 30. c5 Rd5 31. c6 Rdxe5 32. Rxe5 Rxe5 33. cxb7 Re8 34. Bxa6 1-0


[Site "https://www.chess.com"]

[Event "Titled Tuesday Blitz March 07 Early 2023"]
[White "Keymer, Vincent"]
[Black "Andreikin, Dmitry"]
[WhiteFideId "12940690"]
[BlackFideId "4158814"]
[WhiteElo "2651"]
[BlackElo "2736"]
[Result "0-1"]
[Round "10"]
[TimeControl "180+2"]
[Date "2023.03.07"]
[WhiteClock "0:00:01"]
[BlackClock "0:00:13"]

1. Nf3 Nf6 2. c4 e6 3. Nc3 d5 4. e3 a6 5. b3 c5 6. cxd5 exd5 7. g3 d4 8. Ne2 Nc6 9. Bg2 dxe3 10. fxe3 Bf5 11. O-O Bd3 12. Bb2 Be7 13. Ne1 Bg6 14. Nf4 O-O 15. Nxg6 hxg6 16. Bxc6 bxc6 17. Rc1 Qd5 18. Bxf6 gxf6 19. Rf2 a5 20. Ng2 f5 21. Nf4 Qd7 22. Rc4 Rad8 23. Qc2 Bd6 24. h4 Qe7 25. Kg2 Rd7 26. Nd3 Rfd8 27. Nf4 Bxf4 28. Rcxf4 Rd3 29. h5 Qd6 30. hxg6 fxg6 31. Qc4+ Kg7 32. g4 Rxd2 33. gxf5 Rxf2+ 34. Rxf2 gxf5 35. Qh4 Qg6+ 36. Kf3 Rd1 37. Qe7+ Kg8 38. Rg2 Rf1+ 0-1


[Site "https://www.chess.com"]

[Event "Titled Tuesday Blitz March 07 Early 2023"]
[White "Steinberg, Nitzan"]
[Black "Matlakov, Maxim"]
[WhiteFideId "2801795"]
[BlackFideId "4168003"]
[WhiteElo "2486"]
[BlackElo "2666"]
[Result "0-1"]
[Round "10"]
[TimeControl "180+2"]
[Date "2023.03.07"]
[WhiteClock "0:02:28"]
[BlackClock "0:02:21"]

1. e4 e5 2. Nf3 Nc6 3. Bb5 a6 4. Ba4 Nf6 5. O-O Be7 6. Re1 b5 7. Bb3 O-O 8. h3 Na5 9. Nxe5 Nxb3 10. axb3 Bb7 11. d3 d5 12. exd5 Qxd5 13. Qf3 Bd6 14. Nc3 Qxe5 15. Qxb7 0-1


[Site "https://www.chess.com"]

[Event "Titled Tuesday Blitz March 07 Early 2023"]
[White "Gholami Orimi, Mahdi"]
[Black "Tsydypov, Zhamsaran"]
[WhiteFideId "12558486"]
[BlackFideId "4108566"]
[WhiteElo "2363"]
[BlackElo "2584"]
[Result "1-0"]
[Round "10"]
[TimeControl "180+2"]
[Date "2023.03.07"]
[WhiteClock "0:01:32"]
[BlackClock "0:01:59"]

1. d4 Nf6 2. c4 e6 3. Nc3 Bb4 4. e3 d5 5. cxd5 exd5 6. a3 Bxc3+ 7. bxc3 O-O 8. Bd3 c5 9. Ne2 b6 10. O-O Ba6 11. Bxa6 Nxa6 12. Qd3 Nc7 13. dxc5 bxc5 14. c4 Rb8 15. Rd1 dxc4 16. Qc2 Qe7 17. Qxc4 Na8 18. Bd2 Nb6 19. Qc2 Rfc8 20. Ng3 Qe6 21. e4 h5 22. f3 h4 23. Nf5 h3 24. Bc3 Ne8 25. gxh3 g6 26. Nh6+ Kh7 27. Ng4 f5 28. exf5 Qxf5 29. Qd2 g5 30. Re1 Rd8 31. Re7+ Kg6 32. Qe2 Nd5 33. Re6+ Kh7 34. Rh6+ Kg8 35. Rh8+ Kf7 36. Nh6+ 1-0


[Site "https://www.chess.com"]

[Event "Titled Tuesday Blitz March 07 Early 2023"]
[White "Shimanov, Aleksandr"]
[Black "Ibarra Jerez, Jose Carlos"]
[WhiteFideId "4198603"]
[BlackFideId "2226332"]
[WhiteElo "2631"]
[BlackElo "2638"]
[Result "1-0"]
[Round "10"]
[TimeControl "180+2"]
[Date "2023.03.07"]
[WhiteClock "0:00:09"]
[BlackClock "0:00:05"]

1. d4 Nf6 2. Bg5 d5 3. Nd2 c5 4. dxc5 e6 5. e4 Bxc5 6. e5 h6 7. Bh4 g5 8. Bg3 Nfd7 9. h4 Rg8 10. hxg5 hxg5 11. Qh5 Bd4 12. O-O-O Bxe5 13. Bxe5 Nxe5 14. f4 Ng6 15. f5 exf5 16. Re1+ Be6 17. Ngf3 g4 18. Ng5 Qf6 19. Nh7 Qe7 20. Bd3 Nf4 21. Qh6 Nxd3+ 22. cxd3 Nd7 23. Kb1 Qb4 24. Rxe6+ Kd8 25. Re2 Rc8 26. Nb3 Qb5 27. Qd2 b6 28. Nd4 Qc5 29. Nxf5 d4 30. Ne7 Rh8 31. Nxc8 Qxc8 32. Qg5+ Kc7 33. Rc1+ Nc5 34. Nf6 Kb7 35. Qd5+ Ka6 36. b4 Rd8 37. Qc4+ Kb7 38. bxc5 Qf5 39. c6+ Kc8 40. Qa6+ Kc7 41. Qb7+ Kd6 42. Qe7# 1-0


[Site "https://www.chess.com"]

[Event "Titled Tuesday Blitz March 07 Early 2023"]
[White "Harsha Bharathakoti"]
[Black "Durarbayli, Vasif"]
[WhiteFideId "5078776"]
[BlackFideId "13402935"]
[WhiteElo "2481"]
[BlackElo "2543"]
[Result "1-0"]
[Round "10"]
[TimeControl "180+2"]
[Date "2023.03.07"]
[WhiteClock "0:00:02"]
[BlackClock "0:00:01"]

1. d4 Nf6 2. c4 e6 3. Nf3 b6 4. g3 Bb7 5. Bg2 Be7 6. O-O O-O 7. Re1 Ne4 8. Nfd2 d5 9. Nc3 f5 10. Qc2 Nc6 11. e3 Nb4 12. Qb1 c5 13. a3 Nc6 14. cxd5 exd5 15. dxc5 bxc5 16. Qa2 c4 17. Ndxe4 fxe4 18. Rd1 Ne5 19. Bxe4 dxe4 20. Rxd8 Raxd8 21. b3 Kh8 22. bxc4 Ba6 23. Nb5 Rd1+ 24. Kg2 Nd3 25. Nc3 Rxc1 26. Rxc1 Nxc1 27. Qb1 Nd3 28. Nxe4 Bxc4 29. Qb7 Ne1+ 30. Kg1 Nf3+ 31. Kg2 Bxa3 32. Qxa7 Ne1+ 33. Kg1 Nf3+ 34. Kg2 Ne1+ 35. Kg1 Bb4 36. Qa4 Nd3 37. Nc5 Bxc5 38. Qxc4 Rd8 39. Kg2 h6 40. h4 Be7 41. h5 Bf6 42. Qb5 Ne5 43. f4 Ng4 44. Kf3 Nh2+ 45. Kg2 Rd2+ 46. Kh3 Kh7 47. Qf5+ 1-0


[Site "https://www.chess.com"]

[Event "Titled Tuesday Blitz March 07 Early 2023"]
[White "Bok, Benjamin"]
[Black "Mikhailovsky, Vladimir"]
[WhiteFideId "1017063"]
[BlackFideId "34105414"]
[WhiteElo "2658"]
[BlackElo "2293"]
[Result "1-0"]
[Round "10"]
[TimeControl "180+2"]
[Date "2023.03.07"]
[WhiteClock "0:00:40"]
[BlackClock "0:00:20"]

1. d4 d5 2. c4 c6 3. cxd5 cxd5 4. Nf3 Nc6 5. Nc3 Bf5 6. Qb3 Na5 7. Qxd5 Qxd5 8. Nxd5 Rc8 9. e3 e6 10. Bb5+ Nc6 11. Nc3 a6 12. Be2 Nf6 13. Bd2 Nb4 14. O-O Bd3 15. Ne5 Bxe2 16. Nxe2 Rc2 17. Bxb4 Bxb4 18. Rfc1 Rxc1+ 19. Rxc1 O-O 20. Rc7 Bd6 21. Rxb7 Rc8 22. Nxf7 Bf8 23. Nc3 Nd5 24. g3 Nxc3 25. bxc3 Rxc3 26. Nd8 Rc2 27. Nxe6 Ba3 28. Rxg7+ Kh8 29. Ra7 Bb4 30. Ra8+ Bf8 31. Rxf8# 1-0


[Site "https://www.chess.com"]

[Event "Titled Tuesday Blitz March 07 Early 2023"]
[White "Zakhartsov, Vladimir"]
[Black "Pranav, V"]
[WhiteFideId "4145097"]
[BlackFideId "25060783"]
[WhiteElo "2521"]
[BlackElo "2500"]
[Result "1/2-1/2"]
[Round "10"]
[TimeControl "180+2"]
[Date "2023.03.07"]
[WhiteClock "0:00:01"]
[BlackClock "0:00:02"]

1. d4 Nf6 2. c4 e6 3. Nf3 b6 4. a3 Ba6 5. e3 Be7 6. b3 O-O 7. Bd3 d5 8. O-O Bb7 9. Bb2 Nbd7 10. Nbd2 Bd6 11. Ne5 c5 12. cxd5 exd5 13. Nxd7 Nxd7 14. dxc5 Nxc5 15. Qg4 g6 16. Qd4 f6 17. f4 Qe7 18. b4 Ne6 19. Qc3 d4 20. Qb3 dxe3 21. f5 exd2 22. fxe6 Kg7 23. Rf2 Be5 24. Rxd2 Rad8 25. Bxe5 fxe5 26. Re2 Qd6 27. Qc3 Qxd3 28. Qxe5+ Rf6 29. e7 Re8 30. Rf1 Qd6 31. Qc3 Qc6 32. Qb2 Bc8 33. Ref2 Bf5 34. g4 Rxe7 35. g5 Re4 36. Qxf6+ Qxf6 37. gxf6+ Kxf6 38. Rf3 h5 39. R1f2 Rc4 40. Kg2 h4 41. h3 Kg5 42. Kh2 Rc1 43. Re3 Ra1 44. Rg2+ Kh5 45. Rg1 Ra2+ 46. Rg2 Ra1 47. Rg1 Bb1 48. Rg2 Kh6 49. Re6 Bf5 50. Re3 Kh5 1/2-1/2


[Site "https://www.chess.com"]

[Event "Titled Tuesday Blitz March 07 Early 2023"]
[White "Mahdavi, Reza"]
[Black "Madaminov, Mukhiddin"]
[WhiteFideId "12595926"]
[BlackFideId "14210703"]
[WhiteElo "2208"]
[BlackElo "2511"]
[Result "1-0"]
[Round "10"]
[TimeControl "180+2"]
[Date "2023.03.07"]
[WhiteClock "0:00:27"]
[BlackClock "0:00:01"]

1. Nf3 Nf6 2. g3 g6 3. b3 Bg7 4. Bb2 O-O 5. Bg2 d6 6. d4 b5 7. O-O Bb7 8. Nbd2 Nbd7 9. c4 b4 10. d5 Nc5 11. Qc2 e5 12. dxe6 fxe6 13. Nd4 Bxg2 14. Kxg2 Qc8 15. a3 Qb7+ 16. Kg1 a5 17. axb4 axb4 18. Rxa8 Rxa8 19. Ra1 Rxa1+ 20. Bxa1 Nfe4 21. N2f3 Qa6 22. Qb1 d5 23. cxd5 exd5 24. Bb2 Nc3 25. Bxc3 bxc3 26. b4 Ne4 27. Qb3 Qa8 28. b5 Bxd4 29. Nxd4 Nd2 30. Qxc3 Nc4 31. Ne6 Kf7 32. Ng5+ Kg8 33. Ne6 Kf7 34. Nxc7 Qb7 35. Qh8 Qb6 36. Qxh7+ Kf8 37. Qh8+ Kf7 38. Qh7+ Kf8 39. Qd7 Qf6 40. Nxd5 Qa1+ 41. Kg2 Qe5 42. Qc8+ Kg7 43. Qxc4 g5 44. Qc3 Kg6 45. Qxe5 Kh5 46. h4 Kg4 47. Qxg5# 1-0


[Site "https://www.chess.com"]

[Event "Titled Tuesday Blitz March 07 Early 2023"]
[White "EREBUNI91"]
[Black "Corrales Jimenez, Fidel"]
[BlackFideId "3506690"]
[WhiteElo "2751"]
[BlackElo "2541"]
[Result "0-1"]
[Round "10"]
[TimeControl "180+2"]
[Date "2023.03.07"]
[WhiteClock "0:01:40"]
[BlackClock "0:02:31"]

1. d4 Nf6 2. Nf3 g6 3. c4 Bg7 4. g3 O-O 5. Bg2 c6 6. O-O d5 7. Nc3 dxc4 8. Ne5 Be6 9. e3 Nbd7 10. Qe2 Nxe5 11. dxe5 Nd5 12. Rd1 Bxe5 13. Bd2 Nb4 14. Ne4 Nd3 15. Bc3 Qb6 16. Rd2 Rfd8 17. Rad1 Bxc3 18. bxc3 Qa5 19. Bf3 Bf5 20. h4 Qe5 21. Ng5 h6 22. e4 Bd7 0-1


[Site "https://www.chess.com"]

[Event "Titled Tuesday Blitz March 07 Early 2023"]
[White "Papasimakopoulos, Alexandros"]
[Black "Hambleton, Aman"]
[WhiteFideId "4244125"]
[BlackFideId "2606577"]
[WhiteElo "2359"]
[BlackElo "2511"]
[Result "1-0"]
[Round "10"]
[TimeControl "180+2"]
[Date "2023.03.07"]
[WhiteClock "0:01:19"]
[BlackClock "0:00:02"]

1. d4 Nf6 2. c4 e6 3. Nc3 Bb4 4. Qc2 c5 5. dxc5 Qc7 6. Nf3 Bxc5 7. b3 a6 8. Bb2 b6 9. g4 Nxg4 10. e3 Bb7 11. Be2 Ne5 12. Ne4 Bb4+ 13. Kf1 Nxf3 14. Bxf3 f5 15. Bxg7 fxe4 16. Bxh8 exf3 17. Qxh7 Qc5 18. Rg1 Kd8 19. Rd1 Kc7 20. Rg7 Bc6 21. h4 a5 22. Rf7 a4 23. Bd4 Qd6 24. Bxb6+ Kxb6 25. Rxd6 Bxd6 26. Qb1 axb3 27. Qxb3+ Kc7 28. h5 Ra5 29. Rh7 Rg5 30. e4 Bxe4 31. Qe3 Rg4 32. Qa7+ Bb7 33. c5 Bf4 34. Qb6+ 1-0


[Site "https://www.chess.com"]

[Event "Titled Tuesday Blitz March 07 Early 2023"]
[White "Dehtiarov, Roman"]
[Black "Lazavik, Denis"]
[WhiteFideId "14186640"]
[BlackFideId "13515110"]
[WhiteElo "2162"]
[BlackElo "2560"]
[Result "0-1"]
[Round "10"]
[TimeControl "180+2"]
[Date "2023.03.07"]
[WhiteClock "0:00:21"]
[BlackClock "0:00:39"]

1. e4 c5 2. Nc3 e6 3. f4 d5 4. Nf3 dxe4 5. Nxe4 Nf6 6. Bb5+ Bd7 7. Bxd7+ Nbxd7 8. Qe2 Be7 9. d3 O-O 10. O-O Rc8 11. Bd2 Qb6 12. Kh1 Qxb2 13. Rfb1 Qxc2 14. Rxb7 Qa4 15. Ne5 Nxe5 16. fxe5 Nxe4 17. dxe4 Rfe8 18. Bc3 Qc6 19. Rab1 Rc7 20. Qb2 Rec8 21. Rxc7 Rxc7 22. Qb8+ Bf8 23. Ba5 Rd7 24. h3 Qxe4 25. Kh2 h5 26. Rb2 h4 27. Bd2 Rxd2 28. Rxd2 Qf4+ 29. Kh1 Qxd2 30. Qc8 Qxa2 0-1


[Site "https://www.chess.com"]

[Event "Titled Tuesday Blitz March 07 Early 2023"]
[White "Rustemov, Alexander"]
[Black "Weetik, Vjacheslav"]
[WhiteFideId "4119002"]
[BlackFideId "4153472"]
[WhiteElo "2889"]
[BlackElo "2469"]
[Result "1-0"]
[Round "10"]
[TimeControl "180+2"]
[Date "2023.03.07"]
[WhiteClock "0:00:09"]
[BlackClock "0:00:06"]

1. d4 d5 2. c4 e6 3. Nc3 Nf6 4. cxd5 exd5 5. Bg5 c6 6. e3 Be7 7. Bd3 Nbd7 8. Qc2 Nh5 9. Bxe7 Qxe7 10. O-O-O g6 11. Nge2 Nb6 12. Ng3 Ng7 13. Kb1 h5 14. h4 Bd7 15. Na4 Nxa4 16. Qxa4 O-O 17. Rc1 Ne6 18. Ne2 Rfc8 19. Qc2 Qf6 20. Rcf1 c5 21. dxc5 Rxc5 22. Qd2 Rac8 23. f3 Qd8 24. Rc1 Qb6 25. Rxc5 Rxc5 26. Rc1 Qd8 27. g3 Qf6 28. Rxc5 Nxc5 29. Nd4 Qe5 30. f4 Qe7 31. Bc2 Bg4 32. b4 Ne4 33. Qe1 Nd6 34. Bd3 a6 35. Kb2 Bd7 36. Qd2 Bb5 37. Kb3 Bc4+ 38. Kc3 Qc7 39. Kb2 Bxd3 40. Qxd3 Nc4+ 41. Kb3 Qe7 42. Nc2 Qe6 43. Qd4 b6 44. a4 a5 45. b5 Kh7 46. Kc3 Qf5 47. e4 Qc8 48. Kb3 dxe4 49. Qxc4 Qg4 50. Qxf7+ 1-0


[Site "https://www.chess.com"]

[Event "Titled Tuesday Blitz March 07 Early 2023"]
[White "De Silva, L M S T"]
[Black "Yilmaz, Mustafa"]
[WhiteFideId "9953698"]
[BlackFideId "6302718"]
[WhiteElo "2403"]
[BlackElo "2523"]
[Result "0-1"]
[Round "10"]
[TimeControl "180+2"]
[Date "2023.03.07"]
[WhiteClock "0:00:13"]
[BlackClock "0:00:06"]

1. e4 b6 2. d4 Bb7 3. Nc3 g6 4. g3 Bg7 5. Bg2 e6 6. Nge2 d6 7. O-O Nd7 8. f4 Ne7 9. e5 Bxg2 10. Kxg2 Qc8 11. Qd3 Qb7+ 12. Qe4 d5 13. Qf3 h5 14. Nd1 c5 15. c3 c4 16. Ne3 O-O-O 17. h3 Nf5 18. Bd2 Kb8 19. Nxf5 gxf5 20. Kf2 b5 21. Rg1 Bf8 22. a3 Be7 23. g4 hxg4 24. hxg4 Rh2+ 25. Rg2 fxg4 26. Qxg4 Rdh8 27. Rg1 R2h4 28. Qf3 Qc8 29. f5 Rh3 30. Ng3 Bh4 31. Ke2 Nb6 32. Qg4 Bxg3 33. Rxg3 Rh2+ 34. R1g2 exf5 35. Qg7 Qe6 36. Rxh2 Rxh2+ 37. Kd1 f4 38. Qf8+ Kb7 39. Rg7 Rh1+ 40. Be1 Ka6 41. Qxf7 Qxf7 42. Rxf7 Na4 43. e6 Nxb2+ 44. Ke2 Nd3 45. Bd2 Rh2+ 46. Kd1 Rh1+ 47. Ke2 Rh6 48. e7 Re6+ 49. Kf3 Ka5 50. Bxf4 Re1 51. Bd6 Rf1+ 52. Kg4 Rxf7 53. e8=Q Rf1 54. Qd7 Ka4 55. Qxa7+ Kb3 56. Qb7 Kxc3 57. Qxd5 Rg1+ 58. Kf5 Rf1+ 59. Ke6 Rb1 60. Bb4+ Rxb4 61. axb4 Nf4+ 62. Kd6 Nxd5 63. Kxd5 Kxb4 64. Ke4 c3 65. d5 Kc5 66. d6 0-1


[Site "https://www.chess.com"]